 Dungeon Crawl Stone Soup version 0.28.0-45-g0d030f2227 (webtiles) character file.

Game seed: 1896040544543992198

379 DearestLeader the Shield-Bearer (level 6, -12/53 HPs)
             Began as a Gnoll Fighter on Apr 6, 2022.
             Mangled by an ogre
             ... wielding a +0 giant club
              (23 damage)
             ... on level 3 of the Dungeon.
             The game lasted 00:03:36 (2783 turns).

DearestLeader the Shield-Bearer (Gnoll Fighter)     Turns: 2783, Time: 00:03:37

Health: -12/53     AC:  6    Str: 17    XL:     6   Next: 74%
Magic:  9/9        EV: 11    Int:  8    God:
Gold:   93         SH:  5    Dex: 11    Spells: 9/9 levels left

rFire   + . .      SeeInvis .   a - +0 war axe
rCold   . . .      Faith    .   c - +0 buckler
rNeg    . . .      Spirit   .   d - +0 troll leather armour {Pargi}
rPois   .          Reflect  .   (no helmet)
rElec   .          Harm     .   (no cloak)
rCorr   .          Rampage  .   (no gloves)
Will    .....                   i - +0 pair of boots
Stlth   ++........              (no amulet)
HPRegen 0.97/turn               g - ring of protection from fire
MPRegen 0.11/turn               (no ring)

@: no status effects
A: fangs 1, strong nose, distributed training
a: no special abilities


You were on level 3 of the Dungeon.
You visited 1 branch of the dungeon, and saw 3 of its levels.

You collected 93 gold pieces.

Inventory:

Hand Weapons
 a - a +0 war axe (weapon)
Missiles
 e - 5 silver javelins (quivered)
Armour
 c - a +0 buckler (worn)
 d - a +0 troll leather armour (worn) {Pargi}
 i - a +0 pair of boots (worn)
Jewellery
 f - a ring of ice
 g - a ring of protection from fire (left hand)
Wands
 b - a wand of acid (6)
Scrolls
 h - a scroll of fear
 j - a scroll of brand weapon {unknown}
 k - a scroll of enchant weapon {unknown}
 m - 2 scrolls of teleportation {unknown}
 o - a scroll of amnesia {unknown}
Potions
 l - 2 potions of curing
 n - 2 potions of mutation {unknown}
 p - a potion of ambrosia {unknown}
 q - a potion of flight {unknown}


   Skills:
 + Level 6.9 Fighting
 + Level 2.1 Short Blades
 + Level 2.1 Long Blades
 + Level 5.0 Axes
 + Level 2.1 Maces & Flails
 + Level 2.1 Polearms
 + Level 2.1 Staves
 + Level 2.1 Slings
 + Level 2.1 Bows
 + Level 2.1 Crossbows
 + Level 2.1 Throwing
 + Level 6.9 Armour
 + Level 2.1 Dodging
 + Level 2.1 Stealth
 + Level 6.9 Shields
 + Level 2.1 Unarmed Combat
 + Level 2.1 Spellcasting
 + Level 1.6 Conjurations
 + Level 1.6 Hexes
 + Level 1.6 Summonings
 + Level 1.6 Necromancy
 + Level 1.6 Translocations
 + Level 1.6 Transmutations
 + Level 1.6 Fire Magic
 + Level 1.6 Ice Magic
 + Level 1.6 Air Magic
 + Level 1.6 Earth Magic
 + Level 1.6 Poison Magic
 + Level 2.3 Invocations
 + Level 2.1 Evocations


You had 9 spell levels left.
You didn't know any spells.
Your spell library contained the following spells:

 Spells                   Type           Power      Damage    Failure   Level
 Dispersal                Tloc           1%         N/A       100%        6
 Disjunction              Tloc           1%         N/A       100%        8


Dungeon Overview and Level Annotations

Branches:
Dungeon (3/15)

Altars:
Qazlal


Innate Abilities, Weirdness & Mutations

You have very sharp teeth.
Your uncanny sense of smell can sniff out nearby items.
Your experience applies equally to all skills.


Message History

A goblin comes into view. It is wielding a +0 dagger.
Found a fuming yellow potion.
The goblin shouts!
You slash the goblin!
You kill the goblin!
No target in view!
q - a fuming yellow potion You see here a +0 dagger.
Found a stone staircase leading down.
A hobgoblin comes into view.
A hobgoblin is nearby!
There is a stone staircase leading down here.
The helpless hobgoblin fails to defend itself.
You slash the hobgoblin!
You kill the hobgoblin!
No target in view!
Found a ring mail.
No target in view!
Found a stone staircase leading up.
You see here a +0 ring mail.
An ogre comes into view. It is wielding a +0 giant club.
The ogre shouts!
You hit the ogre.
The ogre is lightly wounded.
The ogre hits you with a +0 giant club!!
You slash the ogre!
The ogre is heavily wounded.
The ogre hits you with a +0 giant club!!
* * * LOW HITPOINT WARNING * * *
You are too injured to fight recklessly!
You hit the ogre.
The ogre is heavily wounded.
You block the ogre's attack.
You hit the ogre. You bite the ogre.
The ogre is severely wounded.
The ogre barely misses you.
You hit the ogre. You bite the ogre.
The ogre is almost dead.
The ogre hits you with a +0 giant club!!
You die...

∆ ### ..# #.#
#.# #O# #@# #.#
#.# #.# #.#
#######.##
.........#######
####.##.<......#
#.###.#####.#


You could see an ogre.

Vanquished Creatures
  Grinder (D:3)
  Pargi (D:2)
  Terence (D:3)
  An adder (D:2)
  A worm (D:3)
  2 dart slugs (D:1)
  2 orcs (D:3)
  8 bats
  6 endoplasms
  4 giant cockroaches
  4 goblins
  8 hobgoblins
  3 jackals (D:1)
  A quokka (D:3)
  8 ball pythons
  3 frilled lizards
  3 kobolds
  3 rats
60 creatures vanquished.

Notes
Turn   | Place    | Note
-------+----------+-------------------------------------------
     0 | D:1      | DearestLeader the Gnoll Fighter began the quest for the
                  | Orb.
     0 | D:1      | Reached XP level 1. HP: 23/23 MP: 1/1
    88 | D:1      | Reached XP level 2. HP: 15/29 MP: 2/2
   681 | D:1      | Reached XP level 3. HP: 35/35 MP: 3/3
   707 | D:1      | Found a faded altar of an unknown god.
   962 | D:1      | Reached skill level 1 in Invocations
  1329 | D:2      | Found a stormy altar of Qazlal.
  1343 | D:2      | Reached skill level 1 in Short Blades
  1343 | D:2      | Reached skill level 1 in Long Blades
  1343 | D:2      | Reached skill level 1 in Maces & Flails
  1343 | D:2      | Reached skill level 1 in Polearms
  1343 | D:2      | Reached skill level 1 in Staves
  1343 | D:2      | Reached skill level 1 in Slings
  1343 | D:2      | Reached skill level 1 in Bows
  1343 | D:2      | Reached skill level 1 in Crossbows
  1343 | D:2      | Reached skill level 1 in Throwing
  1343 | D:2      | Reached skill level 1 in Dodging
  1343 | D:2      | Reached skill level 1 in Stealth
  1343 | D:2      | Reached skill level 1 in Unarmed Combat
  1343 | D:2      | Reached skill level 1 in Spellcasting
  1343 | D:2      | Reached skill level 1 in Evocations
  1628 | D:2      | Reached XP level 4. HP: 38/41 MP: 5/5
  2045 | D:3      | Noticed Grinder
  2045 | D:3      | Noticed Pargi
  2178 | D:2      | Killed Pargi
  2179 | D:2      | Reached skill level 1 in Conjurations
  2179 | D:2      | Reached skill level 1 in Hexes
  2179 | D:2      | Reached skill level 1 in Summonings
  2179 | D:2      | Reached skill level 1 in Necromancy
  2179 | D:2      | Reached skill level 1 in Translocations
  2179 | D:2      | Reached skill level 1 in Transmutations
  2179 | D:2      | Reached skill level 1 in Fire Magic
  2179 | D:2      | Reached skill level 1 in Ice Magic
  2179 | D:2      | Reached skill level 1 in Air Magic
  2179 | D:2      | Reached skill level 1 in Earth Magic
  2179 | D:2      | Reached skill level 1 in Poison Magic
  2179 | D:2      | Reached XP level 5. HP: 12/47 MP: 5/7
  2447 | D:3      | Killed Grinder
  2448 | D:3      | Reached skill level 5 in Axes
  2448 | D:3      | Reached XP level 6. HP: 26/53 MP: 7/9
  2625 | D:3      | Noticed Terence
  2635 | D:3      | Killed Terence
  2783 | D:3      | Mangled by an ogre

Illustrated notes

Levels and vault maps discovered:
D:1:      co_arrival_random_square_maze, layout_basic,
          hellmonk_ecumenical_altar_crossroads, hangedman_decor_slide_cut
D:2:      layout_basic, basic_altar
D:3:      layout_loops_ring, minmay_between, uniq_grinder, uniq_terence,
          uniq_pargi

Skill      XL: |  1  2  3  4  5 |
---------------+----------------+-----
Invocations    | 1 2 |  2.3
Short Blades   | 1 2 |  2.1
Long Blades    | 1 2 |  2.1
Maces & Flails | 1 2 |  2.1
Polearms       | 1 2 |  2.1
Staves         | 1 2 |  2.1
Slings         | 1 2 |  2.1
Bows           | 1 2 |  2.1
Crossbows      | 1 2 |  2.1
Throwing       | 1 2 |  2.1
Dodging        | 1 2 |  2.1
Stealth        | 1 2 |  2.1
Unarmed Combat | 1 2 |  2.1
Spellcasting   | 1 2 |  2.1
Evocations     | 1 2 |  2.1
Conjurations   | 1 |  1.6
Hexes          | 1 |  1.6
Summonings     | 1 |  1.6
Necromancy     | 1 |  1.6
Translocations | 1 |  1.6
Transmutations | 1 |  1.6
Fire Magic     | 1 |  1.6
Ice Magic      | 1 |  1.6
Air Magic      | 1 |  1.6
Earth Magic    | 1 |  1.6
Poison Magic   | 1 |  1.6
Axes           | 5 |  5.0
Fighting       | |  6.9
Armour         | |  6.9
Shields        | |  6.9

Action                   |  1- 3 |  4- 6 || total
-------------------------+-------+-------++-------
Melee: War axe           |   105 |    74 ||   179
       Bite              |    10 |    11 ||    21
  Use: Potion            |       |     1 ||     1
       Scroll            |       |     3 ||     3
 Stab: Sleeping          |       |     2 ||     2
Armor: Scale mail        |    71 |    38 ||   109
       Troll leather arm |       |     8 ||     8
Dodge: Dodged            |    40 |    40 ||    80
Block: Buckler           |    28 |    25 ||    53
